Map: [ESL] Babylon

Players

Maru - Winner!

  • Race: Terran Terran
  • Spawn Location: 5:00

Reynor

  • Race: Zerg Zerg
  • Spawn Location: 11:00

Event: ESL SC2 Masters 2023 Summer (Finals)

VOD

Have the link to the VOD?

Description

Time

  • Played on: June 16, 2023, 5:11 a.m.
  • Length: 10:47

All games in this series

Show
View Real Time Build Order
Export as new Build Order

Maru Terran - Winner!

Build Orders:  

Get SALT Encoding   

  12  0:00  SCV  
  13  0:12  SCV  
  14  0:17  Supply Depot  
  14  0:24  SCV  
  15  0:39  SCV  
  15  0:40  Barracks  
  16  0:51  SCV  
  17  1:03  SCV  
  18  1:15  SCV  
  18  1:17  Refinery  
  19  1:26  Marine  
  19  1:27  Orbital Command  
  20  1:34  Command Center  
  20  1:44  Marine  
  21  1:50  Supply Depot  
  21  1:55  SCV  
  22  2:04  Barracks Reactor  
  22  2:07  SCV  
  23  2:19  SCV  
  24  2:29  Command Center  
  24  2:31  SCV  
  24  2:33  Barracks  
  25  2:41  Marine x2  
  28  2:44  SCV  
  28  2:47  Orbital Command  
  28  2:55  Barracks  
  28  2:59  SCV  
  28  3:02  Marine x2  
  31  3:09  Bunker  
  31  3:12  SCV  
  32  3:13  SCV  
  32  3:19  Marine  
  33  3:20  Marine  
  33  3:24  SCV, Barracks Tech Lab  
  33  3:25  SCV  
  37  3:36  SCV  
  37  3:37  SCV  
  37  3:38  Marine x2  
  37  3:40  Orbital Command, Refinery  
  41  3:42  Barracks Tech Lab  
  41  3:45  Stimpack  
  41  3:47  Marine  
  42  3:49  SCV x2  
  42  3:54  Supply Depot  
  44  3:58  Marine x2  
  44  4:01  SCV x2  
  44  4:02  Marine  
  49  4:03  Combat Shield  
  49  4:06  SCV  
  49  4:07  Marine  
  51  4:13  SCV x2  
  51  4:16  Factory  
  53  4:18  Marine x2  
  53  4:20  SCV  
  53  4:23  Marine, Refinery  
  57  4:25  Marine  
  57  4:26  SCV  
  57  4:27  SCV  
  57  4:29  Supply Depot  
  60  4:32  SCV  
  60  4:35  Marine  
  60  4:38  Marine, SCV  
  64  4:41  Marine  
  64  4:44  Engineering Bay x2  
  65  4:47  Orbital Command  
  65  4:49  Marine  
  65  4:51  SCV  
  65  4:52  Supply Depot  
  67  4:53  Marine  
  67  4:55  SCV  
  67  4:56  Marine  
  70  5:02  Barracks  
  70  5:03  Barracks, Starport  
  70  5:05  Factory Reactor  
  70  5:06  SCV  
  71  5:09  SCV, Refinery  
  71  5:11  Marine  
  71  5:12  Marine x2  
  75  5:15  SCV  
  75  5:20  Terran Infantry Weapons Level 1  
  75  5:21  Terran Infantry Armor Level 1  
  76  5:23  SCV  
  76  5:27  SCV x2  
  79  5:30  Supply Depot  
  79  5:31  Marine x2  
  79  5:35  SCV  
  82  5:36  Marine  
  82  5:39  SCV  
  78  5:44  SCV  
  69  5:50  SCV  
  69  5:52  SCV, Barracks Reactor x2  
  69  5:55  Siege Tank  
  69  5:56  SCV, Medivac, Barracks Reactor  
  77  5:57  Medivac  
  77  5:58  Marine x3  
  77  6:02  SCV  
  77  6:04  SCV  
  84  6:05  Supply Depot  
  84  6:08  SCV  
  85  6:14  SCV  
  85  6:15  Supply Depot  
  85  6:16  Marine x3, Supply Depot, SCV  
  90  6:20  SCV  
  90  6:22  Armory  
  91  6:26  SCV  
  91  6:28  Siege Tank  
  91  6:31  Supply Depot x2  
  91  6:32  Medivac  
  97  6:34  Marine x4  
  97  6:36  Marine x2  
  103  6:41  Marine x3  
  103  6:42  Supply Depot  
  103  6:44  Medivac  
  108  6:48  Refinery  
  108  6:51  Marine x2  
  108  6:52  Marine x2  
  112  6:54  Marine x2  
  112  6:58  Marine  
  111  7:03  Marine x2  
  115  7:09  Marine  
  115  7:10  Marine  
  115  7:11  Marine x2  
  115  7:12  Marine x2  
  121  7:16  Terran Infantry Weapons Level 2, Marine  
  121  7:18  SCV x2  
  121  7:21  Supply Depot  
  124  7:25  Marine, Siege Tank  
  124  7:26  Marine  
  124  7:27  Marine  
  124  7:28  Marine  
  124  7:29  Terran Infantry Armor Level 2  
  128  7:31  Terran Vehicle Weapons Level 1  
  128  7:36  Barracks x2  
  128  7:37  Barracks  
  126  7:44  Marine x2  
  126  7:45  Marine x2, Marauder  
  126  7:48  Supply Depot  
  126  7:49  Medivac x2  
  136  7:53  Marine x2  
  137  7:59  Siege Tank  
  137  8:00  Marine x2  
  137  8:02  Marine x2  
  137  8:05  Supply Depot  
  144  8:06  Marauder  
  144  8:09  Marine x2  
  144  8:11  Marine x2  
  150  8:14  Supply Depot  
  149  8:20  Medivac  
  149  8:21  Medivac  
  149  8:22  Marine x2  
  155  8:28  Marauder  
  155  8:29  Barracks Tech Lab x3  
  155  8:31  Supply Depot  
  155  8:33  Supply Depot  
  157  8:35  Siege Tank, Supply Depot  
  157  8:37  Marine x3  
  157  8:38  Marine  
  164  8:44  Marine x2  
  163  8:49  Marauder  
  163  8:53  Marine, Marauder  
  165  9:02  Marine x5, Marauder x2  
  171  9:05  Medivac  
  171  9:07  Siege Tank  
  171  9:09  Concussive Shells  
  178  9:10  Marauder  
  178  9:12  Marine x3  
  178  9:14  Marine  
  184  9:17  Supply Depot  
  184  9:23  Marine, Marauder x2  
  189  9:24  Marine x2  
  189  9:29  Marine x2  
  190  9:32  Marauder  
  190  9:33  Marauder  
  191  9:39  Marine x2, Siege Tank  
  191  9:45  Marauder x2  
  196  9:53  Marauder  
  196  9:54  Marauder, Marine x2  
  192  10:00  Marine  
  192  10:06  Marauder x2, Marine x3  
  189  10:09  Marine  
  184  10:14  Marauder  
  184  10:15  Marauder  
  184  10:20  Marine  
  185  10:22  Marine  
  185  10:24  Marine  
  185  10:26  Marine x2  
Show
View Real Time Build Order
Export as new Build Order

Reynor Zerg 

Build Orders: Hatch First, Lurkers 

Get SALT Encoding   

  12  0:00  Drone  
  13  0:07  Drone  
  13  0:13  Extractor  
  13  0:14  Drone  
  15  0:37  Hatchery  
  14  0:42  Extractor  
  14  0:43  Drone  
  14  0:49  Overlord  
  15  1:04  Spawning Pool  
  14  1:07  Drone  
  14  1:11  Drone  
  16  1:15  Drone  
  18  1:18  Drone  
  18  1:29  Extractor, Drone  
  18  1:40  Drone  
  19  1:50  Queen x2  
  19  1:51  Drone  
  24  1:54  Zergling x2  
  24  2:00  Overlord  
  25  2:02  Drone  
  26  2:11  Drone  
  26  2:13  Drone  
  28  2:22  Drone, Overlord  
  29  2:34  Hatchery  
  28  2:41  Drone  
  28  2:42  Drone  
  28  2:43  Drone  
  32  2:44  Drone  
  32  2:54  Drone x2  
  32  2:58  Drone x2  
  36  3:01  Roach Warren  
  36  3:03  Drone  
  36  3:07  Overlord  
  36  3:12  Overlord  
  36  3:28  Queen  
  36  3:30  Drone  
  36  3:31  Drone x3  
  42  3:35  Overlord  
  42  3:41  Roach x4  
  50  3:43  Roach  
  50  3:46  Drone  
  50  3:47  Drone  
  54  3:51  Roach  
  54  3:52  Drone  
  57  3:56  Queen  
  57  4:00  Overlord  
  57  4:01  Drone  
  60  4:04  Drone  
  60  4:09  Drone  
  61  4:11  Queen  
  61  4:13  Drone x2  
  65  4:18  Lair  
  65  4:20  Drone  
  65  4:23  Extractor, Drone  
  66  4:25  Drone  
  66  4:30  Drone  
  66  4:31  Spore Crawler  
  67  4:32  Spore Crawler  
  67  4:35  Drone x2  
  67  4:36  Queen  
  70  4:40  Drone, Spore Crawler  
  70  4:43  Drone x3  
  73  4:47  Overlord  
  73  4:48  Drone  
  73  4:51  Overlord  
  74  5:05  Drone x2  
  74  5:06  Overlord, Drone x5  
  82  5:07  Drone  
  82  5:12  Roach  
  82  5:13  Roach x3  
  90  5:15  Overseer  
  90  5:20  Drone, Evolution Chamber  
  90  5:21  Extractor, Evolution Chamber  
  89  5:22  Extractor, Overlord  
  89  5:24  Roach  
  89  5:27  Roach  
  89  5:28  Roach  
  93  5:29  Roach  
  93  5:34  Overlord  
  93  5:35  Roach  
  97  5:39  Roach  
  97  5:40  Roach x2  
  91  5:45  Drone x3  
  92  5:50  Drone  
  92  5:51  Drone x2  
  92  5:53  Drone  
  92  5:55  Drone  
  97  5:57  Drone  
  97  5:59  Hatchery  
  97  6:00  Extractor  
  97  6:01  Extractor  
  97  6:03  Zerg Ground Armor Level 1  
  97  6:04  Drone x2  
  97  6:05  Drone  
  97  6:07  Overlord  
  97  6:08  Glial Reconstitution  
  97  6:10  Drone  
  99  6:15  Drone x2  
  99  6:17  Overlord  
  101  6:23  Zerg Missile Weapons Level 1  
  101  6:24  Drone x3  
  104  6:32  Infestation Pit  
  103  6:34  Drone x2  
  103  6:37  Spore Crawler  
  103  6:38  Roach x5  
  103  6:39  Overlord, Spore Crawler  
  113  6:41  Roach  
  113  6:46  Roach x3  
  121  6:48  Overlord  
  121  6:51  Roach  
  121  6:52  Roach  
  122  7:08  Drone x8  
  122  7:12  Drone  
  122  7:13  Drone  
  122  7:14  Hive  
  131  7:16  Infestor x2  
  131  7:18  Drone x4  
  131  7:19  Drone  
  140  7:23  Roach  
  140  7:25  Overlord  
  140  7:26  Metabolic Boost  
  140  7:28  Roach x2  
  146  7:30  Roach  
  146  7:31  Spore Crawler  
  146  7:34  Roach x2  
  151  7:38  Overlord  
  151  7:42  Roach x2  
  151  7:47  Drone  
  151  7:48  Drone x3  
  151  7:49  Drone x2, Hydralisk Den  
  151  7:50  Extractor  
  155  7:51  Extractor  
  155  7:55  Overlord  
  155  7:58  Zerg Ground Armor Level 2  
  152  8:01  Drone x3  
  155  8:07  Overlord  
  155  8:09  Burrow  
  155  8:19  Drone, Zerg Missile Weapons Level 2  
  156  8:20  Hatchery  
  156  8:21  Lurker Den  
  156  8:26  Drone x2  
  156  8:27  Queen  
  156  8:29  Roach x4, Spine Crawler, Zergling x16  
  156  8:31  Overlord  
  156  8:32  Viper  
  156  8:33  Roach  
  178  8:38  Ravager x2  
  178  8:40  Overlord  
  178  8:50  Viper  
  178  8:52  Zergling x2  
  178  8:53  Zergling x16  
  178  8:55  Overlord  
  187  9:06  Extractor x2  
  185  9:12  Hydralisk x4  
  185  9:14  Overlord  
  185  9:15  Ravager  
  185  9:16  Ravager x2  
  194  9:19  Drone x2  
  196  9:27  Overlord  
  189  9:33  Hydralisk  
  189  9:34  Zergling x18  
  189  9:37  Lurker  
  189  9:38  Lurker x3  
  196  9:39  Overlord  
  196  9:43  Seismic Spines  
  196  9:47  Hatchery  
  196  9:48  Roach x3  
  181  10:02  Roach x6  
  181  10:03  Roach x3  
  181  10:04  Zergling x22  
  181  10:05  Zergling x2  
  182  10:13  Hydralisk x4  
  173  10:17  Hydralisk x3  
  173  10:21  Hydralisk  
  169  10:22  Hydralisk x2  
Tags
 
Add a new tag
Caveats
  • Supply blocks, unpowered buildings, or Contaminate may cause inaccurate times.
  • Supply counts are checked every 10 seconds.